[Event "Oregon Closed 2014"]
[Site "Portland"]
[Date "2014.02.17"]
[Round "5"]
[White "Bjorksten, Lennart"]
[Black "Esler, Brian"]
[Result "1-0"]
[ECO "E81"]
[WhiteElo "2170"]
[BlackElo "2146"]
[Annotator "Alpernas,Grisha"]
[PlyCount "71"]
[TimeControl "40/120, SD/60;d5"]

1. d4 Nf6 2. c4 g6 3. Nc3 Bg7 4. e4 d6 5. f3 O-O 6. Be3
c5 7. dxc5 dxc5 8. Qxd8 Rxd8 9. Bxc5 Nc6 10. Nge2 b6 11. Ba3 Ba6 12. Nb5 Bxb5
13. cxb5 Ne5 14. Nc3 e6 15. Be2 Rac8 16. Rd1 Rxd1+ 17. Kxd1 Ned7 18. Kc2 Nc5
19. Bxc5 Rxc5 20. Rd1 Rc8 21. a4 Kf8 22. Kb3 Ke7 23. Na2 Nd7 24. Nb4 Nc5+ 25.
Ka3 Ke8 26. Nc6 Nd7 27. b4 Ne5 28. Kb3 Nxc6 29. bxc6 Rc7 30. Ba6 Ke7 31. Bb7
Be5 32. g3 Bd6 33. Kc4 a5 34. bxa5 bxa5 35. Kb5 Bb4 36. Kb6 1-0

[Event "Oregon Closed 2014"]
[Site "Portland"]
[Date "2014.02.15"]
[Round "1"]
[White "Bjorksten, Lennart"]
[Black "Cigan, Jason"]
[Result "1-0"]
[ECO "A22"]
[WhiteElo "2170"]
[BlackElo "2086"]
[Annotator "Alpernas,Grisha"]
[PlyCount "115"]
[TimeControl "40/120, SD/60; d5"]

1. c4 Nf6 2. Nc3 e5 3. g3 Bb4 4. Bg2 h6 5. Qb3 Bc5 6. Na4
Na6 7. Nxc5 Nxc5 8. Qc3 O-O 9. b4 Nce4 10. Bxe4 Nxe4 11. Qxe5 Re8 12. Qd4 Qe7
13. Bb2 f6 14. a3 d6 15. h4 f5 16. e3 c5 17. Qd3 Be6 18. Ne2 Qf7 19. Rc1 d5 20.
cxd5 Bxd5 21. bxc5 Rad8 22. Rh2 Qe7 23. Bd4 Bf7 24. Qb5 Bh5 25. Qb2 Bxe2 26.
Kxe2 Qf7 27. d3 Qh5+ 28. Ke1 Ng5 29. Rg2 Rxd4 30. hxg5 Rxd3 31. Qe2 Qh1+ 32.
Qf1 Qxf1+ 33. Kxf1 Rxa3 34. gxh6 gxh6 35. Rh2 Kg7 36. Rh4 Rc8 37. Rhc4 Ra5 38.
Rb1 Rc7 39. Kg2 Kg6 40. Kf3 Raxc5 41. Rxc5 Rxc5 42. Rxb7 Ra5 43. g4 fxg4+ 44.
Kxg4 Ra1 45. e4 h5+ 46. Kf4 Ra4 47. f3 Ra5 48. Rc7 Kf6 49. Rc6+ Kg7 50. e5 Ra3
51. Rf6 Ra5 52. Kf5 Ra3 53. Kg5 a5 54. Kxh5 Ra1 55. Kg5 a4 56. Ra6 a3 57. Ra7+
Kf8 58. Kf6 1-0

[Event "Oregon Closed 2014"]
[Site "Portland"]
[Date "2014.02.23"]
[Round "8"]
[White "Bjorksten, Lennart"]
[Black "Deeth, Steven"]
[Result "1-0"]
[ECO "A37"]
[WhiteElo "2170"]
[BlackElo "2142"]
[Annotator "Alpernas,Grisha"]
[PlyCount "83"]
[TimeControl "40/120, SD/60;d5"]

1. c4 c5 2. Nc3 Nc6 3. g3 g6 4. Bg2 Bg7 5. Nf3 e5 6. O-O
Nge7 7. Rb1 d6 8. a3 a5 9. Ne1 Be6 10. Nd5 Rb8 11. d3 O-O 12. Nc2 b5 13. cxb5
Bxd5 14. Bxd5 Nxd5 15. bxc6 Qc7 16. Bd2 Ne7 17. b4 axb4 18. axb4 Nxc6 19. bxc5
dxc5 20. Na3 Nd4 21. Be3 Ne6 22. Qc2 Rfc8 23. Rfc1 Rxb1 24. Rxb1 Nd4 25. Bxd4
cxd4 26. Qxc7 Rxc7 27. Rb8+ Bf8 28. Nc4 f6 29. f4 Re7 30. Kf2 Re6 31. Kf3 Kf7
32. fxe5 fxe5 33. Ke4 Bg7 34. Rb5 Kf6 35. Rxe5 Ra6 36. Kd5 Ra8 37. Re6+ Kg5 38.
Nd6 h5 39. h4+ Kh6 40. Nf5+ Kh7 41. Nxg7 Kxg7 42. Kxd4 1-0

[Event "Oregon Closed 2014"]
[Site "Portland"]
[Date "2014.02.16"]
[Round "3"]
[White "Bjorksten, Lennart"]
[Black "Haessler, Carl"]
[Result "1-0"]
[ECO "D35"]
[WhiteElo "2170"]
[BlackElo "2200"]
[Annotator "Alpernas,Grisha"]
[PlyCount "143"]
[TimeControl "40/120, SD/60;d5"]

1. d4 Nf6 2. c4 e6 3. Nc3 d5 4. cxd5 exd5 5. Bg5 Be7 6.
e3 O-O 7. Bd3 c6 8. Nge2 Ne4 9. Bxe7 Qxe7 10. O-O Nd7 11. Nxe4 dxe4 12. Bc4 Nb6
13. Bb3 Bg4 14. Rc1 Rad8 15. h3 Bh5 16. Qc2 g5 17. Ng3 Bg6 18. Qc5 Rfe8 19. a4
Qxc5 20. Rxc5 h6 21. a5 Nd7 22. Rc2 a6 23. d5 Ne5 24. dxc6 Nxc6 25. Ba4 Rd5 26.
Rxc6 bxc6 27. Bxc6 Red8 28. Bxd5 Rxd5 29. b4 Rd2 30. Rc1 Rb2 31. Rc4 f5 32. Rc6
Kg7 33. Rxa6 f4 34. Nf1 Rxb4 35. Rb6 Ra4 36. a6 Ra1 37. Rb7+ Kf6 38. a7 Bf7 39.
Kh2 Bd5 40. Rb5 Ke6 41. Rb6+ Ke5 42. exf4+ gxf4 43. Rxh6 Rxa7 44. g3 Ra2 45.
gxf4+ Kxf4 46. Rf6+ Ke5 47. Rf8 Be6 48. Ne3 Ra7 49. Ng4+ Kd4 50. Rd8+ Kc5 51.
Kg3 Rf7 52. Rd2 Rf3+ 53. Kh4 Rd3 54. Re2 Kd5 55. Re3 Kd4 56. Rg3 Rd2 57. Rg2
Kd5 58. Kg3 Rd3+ 59. Ne3+ Ke5 60. h4 Rd8 61. h5 Rh8 62. Kh4 Kf4 63. Rg6 Ke5 64.
h6 Bf5 65. Ra6 Be6 66. Ng4+ Kf5 67. Rb6 Rh7 68. Kg3 Re7 69. Rb1 Kg6 70. Rb6 Kf5
71. Rb5+ Kg6 72. Re5 1-0

[Event "Oregon Closed 2014"]
[Site "Portland"]
[Date "2014.02.23"]
[Round "9"]
[White "Cigan, Jason"]
[Black "Esler, Brian"]
[Result "1/2-1/2"]
[ECO "E83"]
[WhiteElo "2086"]
[BlackElo "2146"]
[Annotator "Alpernas,Grisha"]
[PlyCount "70"]
[TimeControl "40/120, SD/60;d5"]

1. d4 Nf6 2. c4 g6 3. Nc3 Bg7 4. e4 d6 5. f3 O-O 6. Be3
Nc6 7. Nge2 a6 8. Qd2 Bd7 9. Rc1 b5 10. cxb5 axb5 11. Nxb5 Rxa2 12. Nec3 Ra8
13. Be2 Na5 14. Qc2 c6 15. Na3 Be6 16. O-O Rb8 17. Nd1 Nb3 18. Rb1 Nd7 19. Qd3
d5 20. Nc3 c5 21. Nc2 dxe4 22. fxe4 cxd4 23. Nxd4 Nxd4 24. Bxd4 Ne5 25. Bxe5
Qxd3 26. Bxd3 Bxe5 27. Nd5 Bxd5 28. exd5 Bxb2 29. Rfe1 Rfd8 30. Rxe7 Rxd5 31.
Re2 Bd4+ 32. Kf1 Rbd8 33. Be4 R5d6 34. g3 Kg7 35. Kg2 Kf8 1/2-1/2

[Event "Oregon Closed 2014"]
[Site "Portland"]
[Date "2014.02.16"]
[Round "4"]
[White "Cigan, Jason"]
[Black "Gay, Daniel"]
[Result "1-0"]
[ECO "E81"]
[WhiteElo "2086"]
[BlackElo "2210"]
[Annotator "Alpernas,Grisha"]
[PlyCount "69"]
[TimeControl "40/120, SD/60;d5"]

1. d4 Nf6 2. c4 g6 3. f3 Bg7 4. e4 d6 5. Nc3 O-O 6. Be3
c5 7. Nge2 Nc6 8. d5 Ne5 9. Ng3 e6 10. Be2 exd5 11. cxd5 Bd7 12. O-O b5 13.
Nxb5 Qb6 14. a4 a6 15. Nc3 Qxb2 16. Bd2 Rfb8 17. f4 Neg4 18. Rb1 Qa3 19. h3 Ne8
20. Bxg4 Bxg4 21. Qxg4 Bxc3 22. Bxc3 Qxc3 23. f5 Nf6 24. Qf4 Rxb1 25. Rxb1 Qd4+
26. Kh2 Nxd5 27. Qxd6 Nc3 28. Rb8+ Rxb8 29. Qxb8+ Kg7 30. e5 Qf4 31. f6+ Kh6
32. Qf8+ Kg5 33. Qxf7 Qxe5 34. Qe7 Qxf6 35. h4+ 1-0

[Event "Oregon Closed 2014"]
[Site "Portland"]
[Date "2014.02.15"]
[Round "2"]
[White "Cigan, Jason"]
[Black "Grabinsky, Aaron"]
[Result "1-0"]
[ECO "E27"]
[WhiteElo "2086"]
[BlackElo "2185"]
[Annotator "Alpernas,Grisha"]
[PlyCount "73"]
[TimeControl "40/120, SD/60;d5"]

1. d4 e6 2. c4 Nf6 3. Nc3 Bb4 4. f3 d5 5. a3 Bxc3+ 6.
bxc3 O-O 7. cxd5 exd5 8. e3 Bf5 9. g4 Nxg4 10. fxg4 Qh4+ 11. Kd2 Be4 12. Nf3
Qf2+ 13. Qe2 Qxf3 14. Qxf3 Bxf3 15. Rg1 Nd7 16. Bd3 Be4 17. Bxe4 dxe4 18. c4 c5
19. Bb2 cxd4 20. exd4 Nb6 21. Rac1 Rac8 22. c5 Nd5 23. Rgf1 g6 24. g5 Kg7 25.
Rce1 Rce8 26. Rf6 Nxf6 27. d5 Rc8 28. Bxf6+ Kg8 29. Rc1 Rfd8 30. Bxd8 Rxd8 31.
d6 b6 32. c6 Rxd6+ 33. Ke3 Rd8 34. c7 Rc8 35. Kxe4 Kf8 36. Kd5 Ke7 37. Kc6 1-0

[Event "Oregon Closed 2014"]
[Site "Portland"]
[Date "2014.02.22"]
[Round "7"]
[White "Cigan, Jason"]
[Black "Haessler, Carl"]
[Result "0-1"]
[ECO "D36"]
[WhiteElo "2086"]
[BlackElo "2200"]
[Annotator "Alpernas,Grisha"]
[PlyCount "88"]
[TimeControl "40/120, SD/60;d5"]

1. d4 d5 2. c4 e6 3. Nc3 Nf6 4. cxd5 exd5 5. Bg5 Be7 6.
e3 O-O 7. Bd3 c6 8. Qc2 Re8 9. Nge2 Nbd7 10. O-O Ne4 11. Bf4 f5 12. Nxd5 Bd6
13. Ndc3 Ndf6 14. Nxe4 Nxe4 15. b4 Kh8 16. Rab1 Be6 17. Rfe1 Rc8 18. f3 Nf6 19.
Bxf5 Nd5 20. Bxe6 Rxe6 21. Bxd6 Qxd6 22. e4 Nxb4 23. Qc4 a5 24. a3 b5 25. Qc3
Na6 26. Qxa5 Ra8 27. Qc3 Nc7 28. Ra1 Rh6 29. Ng3 Ne6 30. Red1 Rd8 31. e5 Qd7
32. Nf5 Nf4 33. Ng3 Qe7 34. Ra2 Rf8 35. Qc5 Qf7 36. Rb2 Ra8 37. Ne4 Qh5 38. g4
Qg6 39. a4 Rh3 40. Qd6 Ne6 41. axb5 Rxf3 42. bxc6 Qxg4+ 43. Rg2 Qxe4 44. Qxe6
Qxd4+ 0-1

[Event "Oregon Closed 2014"]
[Site "Portland"]
[Date "2014.02.17"]
[Round "5"]
[White "Cigan, Jason"]
[Black "Yu, Corbin"]
[Result "0-1"]
[ECO "A57"]
[WhiteElo "2086"]
[BlackElo "2220"]
[Annotator "Alpernas,Grisha"]
[PlyCount "92"]
[TimeControl "40/120, SD/60;d5"]

1. d4 Nf6 2. c4 c5 3. d5 b5 4. cxb5 a6 5. f3 e6 6. e4
exd5 7. e5 Qe7 8. Qe2 Ng8 9. Nc3 Bb7 10. Nh3 c4 11. Nf4 Qc5 12. Nfxd5 Bxd5 13.
Be3 Qb4 14. a3 Qa5 15. Bd2 Be6 16. Nd5 Qd8 17. Qxc4 Ra7 18. Rc1 Bxd5 19. Qxd5
axb5 20. Bxb5 Ne7 21. Qd4 Rb7 22. Bc4 Nec6 23. Qf4 d5 24. Ba6 Rb6 25. Ba5 Nxa5
26. Rc8 Nxa6 27. Rxd8+ Kxd8 28. Qxf7 Nc7 29. O-O Nb3 30. Rd1 g6 31. e6 Bc5+ 32.
Kf1 Be7 33. Qf4 Rxe6 34. Rd3 g5 35. Rxd5+ Nxd5 36. Qb8+ Kd7 37. Qxh8 h5 38. h3
Nd2+ 39. Kg1 Bc5+ 40. Kh2 Nf1+ 41. Kh1 Ng3+ 42. Kh2 h4 43. Qh7+ Kc6 44. Qc2 Ne3
45. Qa4+ Kb6 46. Qb3+ Kc7 0-1

[Event "Oregon Closed 2014"]
[Site "Portland"]
[Date "2014.02.16"]
[Round "3"]
[White "Deeth, Steven"]
[Black "Cigan, Jason"]
[Result "1-0"]
[ECO "D85"]
[WhiteElo "2142"]
[BlackElo "2086"]
[Annotator "Alpernas,Grisha"]
[PlyCount "61"]
[TimeControl "40/120, SD/60;d5"]

1. d4 Nf6 2. c4 g6 3. Nc3 d5 4. cxd5 Nxd5 5. e4 Nxc3 6.
bxc3 Bg7 7. Be3 c5 8. Qd2 cxd4 9. cxd4 Nc6 10. Nf3 Bg4 11. Rd1 O-O 12. Be2 Bxf3
13. Bxf3 e5 14. d5 Nd4 15. Bxd4 exd4 16. O-O Qd6 17. Rfe1 Rac8 18. Qe2 Rfe8 19.
Qb5 Be5 20. g3 a6 21. Qb1 Rc3 22. Bg2 Qc5 23. f4 d3+ 24. Kh1 Bb8 25. Rxd3 Rc2
26. Rf1 Rxg2 27. Kxg2 Rxe4 28. Rd2 Qe7 29. Qc2 Bd6 30. Rff2 Bc5 31. d6 1-0

[Event "Oregon Closed 2014"]
[Site "Portland"]
[Date "2014.02.22"]
[Round "7"]
[White "Deeth, Steven"]
[Black "Esler, Brian"]
[Result "0-1"]
[ECO "E83"]
[WhiteElo "2142"]
[BlackElo "2146"]
[Annotator "Alpernas,Grisha"]
[PlyCount "56"]
[TimeControl "40/120, SD/60;d5"]

1. d4 Nf6 2. c4 g6 3. Nc3 Bg7 4. e4 d6 5. f3 O-O 6. Be3
Nc6 7. Nge2 a6 8. Qd2 Bd7 9. g4 b5 10. Ng3 e5 11. Nce2 exd4 12. Nxd4 Ne5 13.
Be2 Nxc4 14. Bxc4 bxc4 15. O-O Ne8 16. Qc2 Rb8 17. Rab1 c5 18. Nde2 Qa5 19. Nc3
Bd4 20. Nd5 Qxa2 21. Bxd4 cxd4 22. Qd2 Be6 23. Qxd4 Bxd5 24. exd5 Qb3 25. Rfc1
Qxf3 26. Rxc4 Rb5 27. Rf1 Qxd5 28. Qc3 Rxb2 0-1

[Event "Oregon Closed 2014"]
[Site "Portland"]
[Date "2014.02.23"]
[Round "9"]
[White "Deeth, Steven"]
[Black "Grabinsky, Aaron"]
[Result "0-1"]
[ECO "E42"]
[WhiteElo "2142"]
[BlackElo "2185"]
[Annotator "Alpernas,Grisha"]
[PlyCount "72"]
[TimeControl "40/120, SD/60;d5"]

1. d4 e6 2. c4 Nf6 3. Nc3 Bb4 4. e3 c5 5. Nge2 cxd4 6.
exd4 O-O 7. a3 Be7 8. d5 exd5 9. cxd5 Re8 10. Be3 Ng4 11. Bd4 Nh6 12. g3 Nf5
13. Bg2 Nxd4 14. Qxd4 Bf6 15. Qd2 d6 16. O-O Bf5 17. h3 Nd7 18. g4 Bg6 19. f4
Qb6+ 20. Kh1 Bxc3 21. Nxc3 f5 22. Rae1 Nc5 23. b4 Nb3 24. Qb2 Nd4 25. Na4 Qb5
26. Qxd4 Qxa4 27. Re6 Qxa3 28. Rxd6 fxg4 29. Rd7 Bf7 30. hxg4 Qg3 31. f5 Re2
32. Qg1 Rc8 33. Qh2 Qxg4 34. d6 h5 35. Rc7 Rd8 36. d7 Rd2 0-1

[Event "Oregon Closed 2014"]
[Site "Portland"]
[Date "2014.02.17"]
[Round "5"]
[White "Deeth, Steven"]
[Black "Haessler, Carl"]
[Result "1-0"]
[ECO "A40"]
[WhiteElo "2142"]
[BlackElo "2200"]
[Annotator "Alpernas,Grisha"]
[PlyCount "139"]
[TimeControl "40/120, SD/60;d5"]

1. d4 b5 2. e4 Bb7 3. Bxb5 Bxe4 4. Nf3 Nf6 5. O-O e6 6.
c4 Be7 7. Nc3 Bf5 8. Re1 O-O 9. Bg5 h6 10. Bf4 c6 11. Ba4 Qb6 12. Bc2 Bxc2 13.
Qxc2 d5 14. c5 Qa6 15. h3 Nbd7 16. Rab1 Rfe8 17. Qd2 Nf8 18. b4 Ng6 19. Bh2
Rac8 20. Qe2 Qxe2 21. Rxe2 Bd8 22. b5 Ba5 23. Na4 cxb5 24. Rxb5 Bc7 25. Rb7
Bxh2+ 26. Kxh2 Re7 27. Reb2 Rcc7 28. Rb8+ Kh7 29. g3 Ne4 30. Rc2 f6 31. Nc3
Nxc3 32. Rxc3 e5 33. Rd8 Red7 34. Re8 e4 35. Ng1 Ne7 36. Ne2 Nc6 37. Rc2 Kg6
38. Rd2 Kf7 39. Rh8 Rb7 40. g4 Rb8 41. Rxb8 Nxb8 42. Rb2 Nc6 43. Kg3 g5 44. Rb3
Ke6 45. f4 f5 46. Ra3 fxg4 47. hxg4 Rb7 48. f5+ Kd7 49. Rb3 Rc7 50. Kf2 Ke8 51.
Ke3 Kf7 52. Nc3 Rd7 53. Rb1 h5 54. gxh5 Kf6 55. Rf1 Ne7 56. Nxe4+ dxe4 57. Kxe4
g4 58. h6 g3 59. h7 Rd8 60. d5 Re8 61. d6 Nxf5+ 62. Kd5 g2 63. Rg1 Rh8 64. Kc6
Rxh7 65. Rxg2 Ke5 66. Re2+ Kd4 67. d7 Kc3 68. Re8 Nd4+ 69. Kc7 Nb5+ 70. Kc8 1-0

[Event "Oregon Closed 2014"]
[Site "Portland"]
[Date "2014.02.15"]
[Round "1"]
[White "Deeth, Steven"]
[Black "Yu, Corbin"]
[Result "0-1"]
[ECO "A57"]
[WhiteElo "2142"]
[BlackElo "2220"]
[Annotator "Alpernas,Grisha"]
[PlyCount "68"]
[EventDate "2014.02.15"]
[TimeControl "40/120, SD/60; d5"]

1. d4 Nf6 2. c4 c5 3. d5 b5 4. Nf3 Qa5+ 5. Nfd2 e6 6. Qc2
d6 7. e4 a6 8. Nc3 b4 9. Nb3 Qc7 10. Nd1 g6 11. Ne3 Bg7 12. Be2 O-O 13. O-O Re8
14. Bf3 Ra7 15. Bd2 Nbd7 16. g3 a5 17. Rae1 Ne5 18. Bg2 exd5 19. exd5 Qd8 20.
h3 Rae7 21. Kh2 Ned7 22. Nc1 Ne4 23. Nd3 Bd4 24. Nd1 Nxd2 25. Qxd2 Ne5 26. Nxe5
Rxe5 27. f4 Rxe1 28. Rxe1 Kf8 29. Rxe8+ Qxe8 30. g4 g5 31. fxg5 Qe5+ 32. Kh1
Qg3 33. Qe2 Bxg4 34. hxg4 Qh4+ 0-1

[Event "Oregon Closed 2014"]
[Site "Portland"]
[Date "2014.02.23"]
[Round "8"]
[White "Esler, Brian"]
[Black "Gay, Daniel"]
[Result "0-1"]
[ECO "C67"]
[WhiteElo "2146"]
[BlackElo "2210"]
[Annotator "Alpernas,Grisha"]
[PlyCount "106"]
[TimeControl "40/120, SD/60;d5"]

1. e4 e5 2. Nf3 Nc6 3. Bb5 Nf6 4. O-O Nxe4 5. d4 Nd6 6.
Bxc6 dxc6 7. dxe5 Nf5 8. Qxd8+ Kxd8 9. Nc3 Ke8 10. h3 Be7 11. b3 h5 12. Ne2 b6
13. Ned4 Nxd4 14. Nxd4 Bb7 15. Nf5 Bc8 16. Nxe7 Kxe7 17. Bg5+ Ke6 18. f4 Kf5
19. Bh4 a5 20. Kf2 a4 21. Kf3 Kg6 22. b4 Be6 23. a3 f6 24. exf6 gxf6 25. Rfe1
Rae8 26. Kf2 Bd5 27. Bg3 Kf5 28. Rxe8 Rxe8 29. Re1 Rxe1 30. Kxe1 Bxg2 31. h4
Kg4 32. Kf2 Be4 33. f5 Bxc2 34. Bxc7 b5 35. Bd8 Kxf5 36. Ke3 Ke5 37. Kd2 Bb1
38. Ke3 f5 39. Bg5 Kd5 40. Kd2 Kc4 41. Kc1 Be4 42. Kb2 Kd3 43. Bf4 Bd5 44. Bg5
Ke4 45. Kc3 f4 46. Kd2 Kf3 47. Ke1 Kg3 48. Be7 f3 49. Bd6+ Kxh4 50. Kf2 Kg4 51.
Ke3 h4 52. Kf2 h3 53. Kg1 Kf5 0-1

[Event "Oregon Closed"]
[Site "Portland"]
[Date "2014.02.22"]
[Round "6"]
[White "Esler, Brian"]
[Black "Grabinsky, Aaron"]
[Result "0-1"]
[ECO "C10"]
[WhiteElo "2146"]
[BlackElo "2185"]
[Annotator "Alpernas,Grisha"]
[PlyCount "58"]
[TimeControl "40/120, SD/60;d5"]

1. e4 e6 2. d4 d5 3. Nc3 Nc6 4. e5 Nge7 5. Nf3 Nf5 6. Bf4
Be7 7. g4 Nh4 8. Nxh4 Bxh4 9. Qd2 O-O 10. Bg3 f5 11. gxf5 Rxf5 12. f4 Bd7 13.
O-O-O Qe7 14. Qf2 Rxf4 15. Qg1 Rf7 16. Kb1 Raf8 17. Bg2 Na5 18. Nxd5 exd5 19.
Bxd5 Bg5 20. Bxf7+ Rxf7 21. d5 Bf5 22. Qxa7 Qb4 23. Be1 Bxc2+ 24. Ka1 Qa4 25.
Qxa5 Bxd1 26. e6 Re7 27. Bc3 Qxa5 28. Bxa5 Bf3 29. Rg1 Bf6 0-1

[Event "Oregon Closed 2014"]
[Site "Portland"]
[Date "2014.02.16"]
[Round "3"]
[White "Esler, Brian"]
[Black "Russell, Corey"]
[Result "1/2-1/2"]
[ECO "C13"]
[WhiteElo "2146"]
[BlackElo "2232"]
[Annotator "Alpernas,Grisha"]
[PlyCount "105"]
[TimeControl "40/120, SD/60;d5"]

1. e4 e6 2. d4 d5 3. Nc3 Nf6 4. Bg5 Be7 5. e5 Nfd7 6. h4
a6 7. Qg4 Kf8 8. Nf3 c5 9. dxc5 Nc6 10. Qg3 Nxc5 11. Bd3 b5 12. Rd1 Bd7 13. O-O
Nxd3 14. cxd3 Rg8 15. Ne2 f6 16. Bf4 fxe5 17. Bxe5 Bxh4 18. Bd6+ Be7 19. Ng5
Bxd6 20. Qf3+ Qf6 21. Nxh7+ Ke7 22. Nxf6 gxf6 23. Rfe1 Ne5 24. Qe3 Rg4 25. Ng3
d4 26. Qe2 Rag8 27. Rc1 Kf8 28. Rc2 f5 29. Rec1 f4 30. Rc8+ Bxc8 31. Rxc8+ Ke7
32. Rxg8 Rxg8 33. Nh5 f3 34. Qe4 Rxg2+ 35. Kf1 Rh2 36. Ng3 Rh8 37. Qb7+ Kf6 38.
Qxa6 Nf7 39. Qxb5 Bxg3 40. fxg3 Ne5 41. Qb7 Rh1+ 42. Kf2 Rh2+ 43. Kg1 Rc2 44.
Qe4 f2+ 45. Kf1 Nc6 46. b4 e5 47. b5 Ne7 48. g4 Ke6 49. a4 Nd5 50. Qf5+ Kd6 51.
Qf8+ Kd7 52. Qf7+ Kd6 53. Qf8+ 1/2-1/2

[Event "Oregon Closed 2014"]
[Site "Portland"]
[Date "2014.02.23"]
[Round "9"]
[White "Gay, Daniel"]
[Black "Bjorksten, Lennart"]
[Result "1-0"]
[ECO "B04"]
[WhiteElo "2210"]
[BlackElo "2170"]
[Annotator "Alpernas,Grisha"]
[PlyCount "67"]
[TimeControl "40/120, SD/60;d5"]

1. e4 Nf6 2. e5 Nd5 3. d4 d6 4. Nf3 dxe5 5. Nxe5 c6 6. c4
Nb4 7. Nd3 Nxd3+ 8. Qxd3 g6 9. Be3 Bg7 10. Nc3 O-O 11. Be2 Nd7 12. O-O Nf6 13.
Rad1 Bg4 14. h3 Bxe2 15. Qxe2 e6 16. Rfe1 Qa5 17. Qc2 b5 18. b3 Rfd8 19. Ne2
Qa6 20. Rb1 Qb7 21. Nf4 a6 22. Nd3 Rac8 23. Nc5 Qa8 24. Rbd1 Bf8 25. Bg5 Bxc5
26. Bxf6 Bb4 27. Qc1 Rd7 28. c5 Rcc7 29. Re4 Ba5 30. Qa3 Bc3 31. b4 Bxb4 32.
Qxb4 a5 33. Qd2 Rd5 34. Rh4 1-0

[Event "Oregon Closed 2014"]
[Site "Portland"]
[Date "2014.02.15"]
[Round "2"]
[White "Gay, Daniel"]
[Black "Deeth, Steven"]
[Result "1-0"]
[ECO "B42"]
[WhiteElo "2210"]
[BlackElo "2142"]
[Annotator "Alpernas,Grisha"]
[PlyCount "107"]
[TimeControl "40/120, SD/60;d5"]

1. e4 c5 2. Nf3 e6 3. d4 cxd4 4. Nxd4 a6 5. Bd3 Bc5 6.
Nb3 Be7 7. c4 d6 8. O-O Nf6 9. Nc3 b6 10. Be3 Bb7 11. f4 Nbd7 12. Qe2 O-O 13.
Rac1 Qc7 14. Rfd1 Rfe8 15. Nd2 Rac8 16. a3 Qb8 17. b4 Qa8 18. h3 g6 19. Qf2 Bd8
20. g4 d5 21. e5 Ne4 22. Ndxe4 dxe4 23. Nxe4 Bxe4 24. Bxe4 Qxe4 25. Rxd7 Rxc4
26. Rxc4 Qxc4 27. Qd2 Bh4 28. Bxb6 Qb3 29. Rd3 Qb1+ 30. Qd1 Qa2 31. Bc5 Kg7 32.
g5 Qc4 33. Qf3 a5 34. Rd1 axb4 35. axb4 Rc8 36. Be7 Re8 37. Bf6+ Kf8 38. Qg4
Qc2 39. Rf1 Qd2 40. Qxh4 Qe3+ 41. Rf2 Rc8 42. Kh2 Rc1 43. Rg2 Rf1 44. Qg3 Rf3
45. Rc2 Ke8 46. Qg4 Rf1 47. f5 Rf2+ 48. Rxf2 Qxf2+ 49. Qg2 Qf4+ 50. Kg1 Qc1+
51. Qf1 Qe3+ 52. Qf2 Qc1+ 53. Kh2 Qc4 54. Qd2 1-0

[Event "Oregon Closed 2014"]
[Site "Portland"]
[Date "2014.02.17"]
[Round "5"]
[White "Gay, Daniel"]
[Black "Raptis, Nick"]
[Result "1/2-1/2"]
[ECO "C06"]
[WhiteElo "2210"]
[BlackElo "2368"]
[Annotator "Alpernas,Grisha"]
[PlyCount "65"]
[TimeControl "40/120, SD/60;d5"]

1. e4 e6 2. d4 d5 3. Nd2 Nf6 4. e5 Nfd7 5. Bd3 c5 6. c3
Nc6 7. Ne2 cxd4 8. cxd4 f6 9. exf6 Nxf6 10. Nf3 Bd6 11. O-O O-O 12. Bf4 Bxf4
13. Nxf4 Ng4 14. g3 Qf6 15. h4 e5 16. dxe5 Ncxe5 17. Nxe5 Nxe5 18. Be2 d4 19.
Nd5 Qf7 20. Qxd4 Nc6 21. Qc5 Be6 22. Nf4 Kh8 23. Bh5 Qf6 24. Nxe6 Qxe6 25. Rfe1
Qf6 26. Re2 g6 27. Bg4 h5 28. Bxh5 gxh5 29. Qxh5+ Kg8 30. Qg4+ Kh8 31. Qh5+ Kg8
32. Qg4+ Kh8 33. Qh5+ 1/2-1/2

[Event "Oregon Closed 2014"]
[Site "Portland"]
[Date "2014.02.22"]
[Round "7"]
[White "Gay, Daniel"]
[Black "Russell, Corey"]
[Result "0-1"]
[ECO "B90"]
[WhiteElo "2210"]
[BlackElo "2232"]
[Annotator "Alpernas,Grisha"]
[PlyCount "110"]
[TimeControl "40/120, SD/60;d5"]

1. e4 c5 2. Nf3 d6 3. d4 cxd4 4. Nxd4 Nf6 5. Nc3 a6 6. f3
h5 7. Be3 e6 8. Qd2 b5 9. O-O-O Bb7 10. Be2 Nbd7 11. h3 b4 12. Nb1 d5 13. exd5
Bxd5 14. Rhe1 Qa5 15. g4 hxg4 16. hxg4 Bxa2 17. Bg5 Rc8 18. Bd3 Nc5 19. Bf5 Nd5
20. Be4 Nxe4 21. Rxe4 Qb6 22. Nf5 Bb3 23. Ne3 Be7 24. Bxe7 Nxe7 25. Rxb4 Qxe3
26. Rxb3 Qxd2+ 27. Rxd2 Nd5 28. Ra3 Rc6 29. b3 Rh3 30. Rf2 Ne3 31. Re2 Rxf3 32.
c4 Nxg4 33. Nd2 Rf4 34. Ra5 f5 35. Kb2 Kf7 36. Kc3 e5 37. Re1 e4 38. c5 Ke6 39.
b4 e3 40. Nc4 Rxc4+ 41. Kxc4 Ne5+ 42. Kc3 f4 43. Ra2 Kf5 44. Rh1 Ke4 45. Rh4 g6
46. Rh6 Ng4 47. Rh4 Nf2 48. Rh8 Ng4 49. Rd8 f3 50. Rd4+ Kf5 51. Rd5+ Kf4 52.
Rd4+ Kg3 53. Kd3 Re6 54. Rd6 Re8 55. c6 e2 0-1

[Event "Oregon Closed 2014"]
[Site "Portland"]
[Date "2014.02.16"]
[Round "3"]
[White "Gay, Daniel"]
[Black "Yu, Corbin"]
[Result "1-0"]
[ECO "B42"]
[WhiteElo "2210"]
[BlackElo "2220"]
[Annotator "Alpernas,Grisha"]
[PlyCount "69"]
[TimeControl "40/120, SD/60;d5"]

1. e4 c5 2. Nf3 e6 3. d4 cxd4 4. Nxd4 a6 5. Bd3 Qc7 6. c4
Nf6 7. O-O Bc5 8. Nb3 Be7 9. Nc3 b6 10. Qe2 d6 11. Be3 Bb7 12. f4 Nbd7 13. Rac1
Rc8 14. Rfd1 O-O 15. Nd2 Qb8 16. a3 Bd8 17. b4 Bc7 18. h3 Rfd8 19. Qf2 Qa8 20.
Bb1 Bb8 21. g4 d5 22. e5 Ne8 23. cxd5 exd5 24. Nf3 a5 25. Qh4 Nf8 26. Bxb6 Ba7
27. Bxa7 Qxa7+ 28. Qf2 Qxf2+ 29. Kxf2 axb4 30. axb4 Rc4 31. Ba2 Rxf4 32. Bxd5
Rb8 33. Bxb7 Rxb7 34. Nd5 Re4 35. Rc8 1-0

[Event "Oregon Closed 2014"]
[Site "Portland"]
[Date "2014.02.15"]
[Round "1"]
[White "Grabinsky, Aaron"]
[Black "Gay, Daniel"]
[Result "0-1"]
[ECO "B52"]
[WhiteElo "2185"]
[BlackElo "2210"]
[Annotator "Alpernas,Grisha"]
[PlyCount "106"]
[TimeControl "40/120, SD/60; d5"]

1. e4 c5 2. Nf3 d6 3. Bb5+ Bd7 4. Bxd7+ Qxd7 5. O-O Nf6
6. Re1 Nc6 7. c3 e6 8. d4 cxd4 9. Nxd4 Be7 10. Bg5 h6 11. Bh4 d5 12. e5 Ne4 13.
Bxe7 Qxe7 14. Nd2 Nxd2 15. Qxd2 Nxd4 16. cxd4 O-O 17. Re3 Rfc8 18. Rc3 Rc4 19.
b3 Rxc3 20. Qxc3 Qa3 21. Qc2 a5 22. Rc1 a4 23. Kf1 axb3 24. axb3 Qb4 25. Qb2 g6
26. Ke2 Kg7 27. Ke3 Ra3 28. Rb1 Qa5 29. Qd2 Qxd2+ 30. Kxd2 Ra2+ 31. Ke3 g5 32.
g4 Kg6 33. Rc1 Rb2 34. Rc3 b5 35. Kf3 b4 36. Rd3 f6 37. exf6 Kxf6 38. Kg2 Re2
39. Kf1 Re4 40. f3 Rf4 41. Ke2 e5 42. Ke3 Ke6 43. Rd1 Kd6 44. Rd2 h5 45. h3
exd4+ 46. Rxd4 Rxd4 47. Kxd4 h4 48. Kd3 Ke5 49. Ke3 d4+ 50. Kd3 Kf4 51. Kxd4
Kxf3 52. Ke5 Kg3 53. Kf5 Kxh3 0-1

[Event "Oregon Closed 2014"]
[Site "Portland"]
[Date "2014.02.16"]
[Round "3"]
[White "Grabinsky, Aaron"]
[Black "Raptis, Nick"]
[Result "1/2-1/2"]
[ECO "B23"]
[WhiteElo "2185"]
[BlackElo "2368"]
[Annotator "Alpernas,Grisha"]
[PlyCount "133"]
[TimeControl "40/120, SD/60;d5"]

1. e4 c5 2. Nc3 d6 3. f4 g6 4. Nf3 Bg7 5. Bb5+ Bd7 6.
Bxd7+ Qxd7 7. d3 Nc6 8. O-O Nf6 9. Bd2 O-O 10. Qe1 Nd4 11. Nxd4 cxd4 12. Ne2
Qb5 13. Nxd4 Qb6 14. Be3 Ng4 15. c3 Nxe3 16. Qxe3 e5 17. fxe5 dxe5 18. Nc2 Qxb2
19. Nb4 Qxc3 20. Nd5 Qd4 21. Rab1 b6 22. Qxd4 exd4 23. Ne7+ Kh8 24. Rbc1 Be5
25. Nc6 Bd6 26. Rf6 Ba3 27. Rcf1 Rac8 28. Nxa7 Rc3 29. R6f3 Rc2 30. R1f2 Rc1+
31. Rf1 Kg7 32. Nb5 Rxf1+ 33. Rxf1 Bc5 34. a4 Ra8 35. Ra1 Kf6 36. Nc7 Ra7 37.
Nb5 Ra5 38. Kf2 Ke5 39. Ke2 Ra8 40. Nc7 Rc8 41. Nb5 Bb4 42. Kd1 Kf4 43. Nxd4
Rd8 44. Ne2+ Ke3 45. Nc1 Bd2 46. Rb1 Bxc1 47. Kxc1 Rc8+ 48. Kd1 Rc6 49. Rb3 h5
50. e5 g5 51. Rb5 g4 52. e6 Rxe6 53. Rxh5 Kxd3 54. a5 Ke3 55. Ke1 Rc6 56. Re5+
Kf4 57. Rb5 bxa5 58. Rxa5 Rh6 59. Kf2 Rxh2 60. Ra4+ Kg5 61. Kg3 Rh4 62. Ra5+ f5
63. Rxf5+ Kxf5 64. Kxh4 Kf4 65. Kh5 Kg3 66. Kg5 Kxg2 67. Kxg4 1/2-1/2